 Dungeon Crawl Stone Soup version 0.24.0-37-gcf1ca852f1 (webtiles) character file.

Game seed: 287104784315028134, levelgen mode: deterministic

2084 DildoBatman the Gusty (level 9, 0/57 HPs)
             Began as a Formicid Wizard on Dec 8, 2019.
             Slain by a sky beast (6 damage)
             ... on level 7 of the Dungeon.
             The game lasted 00:23:06 (7667 turns).

DildoBatman the Gusty (Formicid Wizard)             Turns: 7667, Time: 00:23:06

Health: 0/57       AC:  4    Str: 18    XL:     9   Next: 51%
Magic:  13/15      EV: 12    Int: 21    God:
Gold:   263        SH:  0    Dex:  9    Spells: 9/16 levels left

rFire    + . .     SeeInvis +   b - +2 halberd (venom)
rCold    . . .     Gourm    .   (no shield)
rNeg     . . .     Faith    .   j - +0 robe
rPois    +         Spirit   .   (helmet unavailable)
rElec    .         Reflect  .   n - +1 cloak
rCorr    .         Harm     .   (no gloves)
MR       .....                  (no boots)
Stlth    ++........             (no amulet)
HPRegen  0.19/turn              s - ring "Wuwouc" {rPois rF+ Str+6}
MPRegen  0.14/turn              (no ring)

@: no status effects
A: permanent stasis, dig shafts and tunnels, four strong arms, antennae 3
a: Dig, Shaft Self


You were on level 7 of the Dungeon.
You were not hungry.

You visited 2 branches of the dungeon, and saw 9 of its levels.

You collected 263 gold pieces.

Inventory:

Hand Weapons
 a - a +0 hunting sling
 b - a +2 halberd of venom (weapon)
 d - a +3 hand axe
 z - a +0 spear of piercing
Missiles
 e - 252 stones
 f - 47 sling bullets
 g - 60 arrows
 k - a curare-tipped dart (quivered)
 o - 41 bolts
 r - 7 javelins
 t - 10 boomerangs
 u - 21 poisoned darts
Armour
 j - a +0 robe (worn)
 n - a +1 cloak (worn)
Jewellery
 s - the ring "Wuwouc" (left hand) {rPois rF+ Str+6}
   (You found it on level 4 of the Dungeon)

   [ring of protection from fire]

   It affects your strength (+6).
   It protects you from fire.
   It protects you from poison.
Scrolls
 h - 2 scrolls of fear
 p - a scroll of fog
 w - 2 scrolls of amnesia
 x - 3 scrolls of remove curse
 y - a scroll of enchant weapon
Potions
 c - 5 potions of heal wounds {unknown}
 i - 2 potions of brilliance {unknown}
 l - a potion of flight {unknown}
 m - a potion of haste
Comestibles
 q - 7 chunks of flesh
 v - 6 rations


   Skills:
 - Level 1.7 Dodging
 - Level 2.4 Stealth
 * Level 4.1 Spellcasting
 - Level 6.2 Conjurations
   Level 1.0 Summonings
   Level 0.8 Translocations
 - Level 5.0 Fire Magic
 - Level 6.4 Air Magic


You had 9 spell levels left.
You knew the following spells:

 Your Spells              Type           Power        Failure   Level  Hunger
a - Conjure Flame         Conj/Fire      ####....     3%          3    ###....
c - Magic Dart            Conj           ####         1%          1    None
e - Mephitic Cloud        Conj/Pois/Air  ###.....     6%          3    ###....

Your spell library contained the following spells:

 Spells                   Type           Power        Failure   Level  Hunger
 Call Imp                 Summ           #.......     12%         2    #......
 Slow                     Hex            #.......     19%         2    #......
 Blink                    Tloc           Unusable     N/A         2    N/A

Dungeon Overview and Level Annotations

Branches:
Dungeon (8/15)             Temple (1/1) D:5
   Lair: D:8-11

Altars:
Ashenzari
Cheibriados
Dithmenos
Elyvilon
Fedhas
Gozag
Hepliaklqana
Makhleb
Nemelex Xobeh
Okawaru
Qazlal
Ru
Sif Muna
Trog
Uskayaw
Vehumet
Wu Jian
Xom
Zin
The Shining One

Shops:
D:8 =

Annotations:
D:2 Grinder, Natasha, Terence
D:3 1 exclusion
D:5 exclusion: quokka, Sigmund
D:6 exclusions: 2 sensed monsters (detected), wight and 2 more exclusions
Temple exclusion: electric eel


Innate Abilities, Weirdness & Mutations

You cannot be hasted, slowed, berserked, paralysed or teleported.
You can dig through walls and to a lower floor.
Your four strong arms can wield two-handed weapons with a shield.
You have a pair of large antennae on your head. (SInv)


Message History

The rain has left you waist-deep in water!
Splash!
You fall into the shallow water.
Moving in this stuff is going to be slow.
You closely miss the sky beast.
The sky beast is heavily wounded.
The sky beast flickers out of sight for a moment.
The sky beast hits you. The sky beast shocks you.
Casting: Conjure Flame (safe; 3% risk of failure)
Confirm with . or Enter, or press ? or * to list all spells.
Aiming: Magic Dart (safe; 1% risk of failure)
Press: ? - help, Shift-Dir - straight line, f/p - sky beast
Aim: a sky beast (severely wounded, poisoned, slightly transparent)
The magic dart hits the sky beast.
The sky beast is almost dead.
The sky beast looks more healthy.
The sky beast hits you. The sky beast shocks you.
You die...

.................#......#.......#
.................+......#.......#
.........Y.......#.....<........#
###########......#......#.......#
#......#......#........
#####'##......########.
#....≈......... #.
#.>...Y........ #.
#.....@........# #.
################ #. ##


You could see a sky beast (invisible).

Vanquished Creatures
  A two-headed ogre (D:8)
  A water moccasin (D:7)
  An ogre (D:5)
  A phantom (D:6)
  2 centaurs
  A bullfrog (D:7)
  A water moccasin skeleton (D:8)
  A scorpion (D:7)
  A wight (D:7)
  A bullfrog zombie (D:5)
  A quasit (D:6)
  An iron imp (D:5)
  4 orc priests
  A centaur skeleton (D:6)
  4 hounds
  A bullfrog skeleton (D:6)
  An iguana (D:8)
  2 orc wizards (D:5)
  5 worker ants
  Robin (D:3)
  7 gnolls
  3 adders
  2 shadow imps (D:6)
  An adder zombie (D:4)
  An adder skeleton (D:7)
  4 worms
  A dart slug (D:1)
  A leopard gecko (D:3)
  10 orcs
  5 giant cockroaches
  13 goblins
  11 hobgoblins
  9 jackals
  A quokka (D:2)
  2 bats (D:1)
  4 frilled lizards
  5 kobolds
  4 rats
116 creatures vanquished.

Notes
Turn   | Place    | Note
-------+----------+-------------------------------------------
     0 | D:1      | DildoBatman the Formicid Wizard began the quest for the
                  | Orb.
     0 | D:1      | Reached XP level 1. HP: 13/13 MP: 4/4
     7 | D:1      | Reached skill level 1 in Conjurations
   158 | D:1      | Reached XP level 2. HP: 19/19 MP: 1/6
   774 | D:1      | Reached XP level 3. HP: 17/24 MP: 1/7
   858 | D:1      | Learned a level 3 spell: Conjure Flame
   862 | D:1      | Learned a level 3 spell: Mephitic Cloud
  1696 | D:2      | Noticed Natasha
  2024 | D:3      | Reached XP level 4. HP: 6/30 MP: 0/8
  2277 | D:3      | Noticed Robin
  2356 | D:3      | Killed Robin
  2629 | D:3      | Reached XP level 5. HP: 14/35 MP: 4/9
  2685 | D:3      | Noticed Grinder
  3668 | D:3      | Found a shadowy altar of Dithmenos.
  3928 | D:4      | Got a scorched platinum ring
  3929 | D:4      | Identified the ring "Wuwouc" {rPois rF+ Str+6} (You found
                  | it on level 4 of the Dungeon)
  4021 | D:4      | Reached XP level 6. HP: 37/41 MP: 0/10
  4073 | D:4      | Reached skill level 1 in Fire Magic
  4146 | D:4      | Found a burning altar of Makhleb.
  4236 | D:5      | Entered Level 5 of the Dungeon
  4242 | D:5      | Found a staircase to the Ecumenical Temple.
  4251 | Temple   | Entered the Ecumenical Temple
  4496 | D:2      | Found a shimmering altar of Xom.
  4498 | D:2      | Noticed Terence
  4716 | D:5      | Found a snail-covered altar of Cheibriados.
  4735 | D:5      | Reached skill level 1 in Air Magic
  4895 | D:5      | Reached skill level 5 in Conjurations
  4907 | D:5      | Noticed an ogre
  4915 | D:5      | Killed an ogre
  4915 | D:5      | Reached XP level 7. HP: 45/46 MP: 7/11
  5215 | D:5      | Found a white marble altar of Elyvilon.
  5492 | D:6      | Noticed Sigmund
  5556 | D:6      | Reached XP level 8. HP: 38/52 MP: 8/12
  6837 | D:7      | Reached skill level 5 in Fire Magic
  7190 | D:8      | Noticed a two-headed ogre
  7212 | D:8      | Killed a two-headed ogre
  7212 | D:8      | Reached XP level 9. HP: 41/57 MP: 1/13
  7387 | D:8      | Found Vantuthosk's Jewellery Emporium.
  7667 | D:7      | Slain by a sky beast

Levels and vault maps discovered:
D:1:      doesnt_arrival_eight_statues, layout_rooms
D:2:      layout_loops_corners, nicolae_overflow_crystal_walls, uniq_terence,
          uniq_natasha
D:3:      layout_basic, nicolae_dithmenos_through_a_glass_darkly, uniq_robin,
          uniq_grinder
D:4:      layout_rooms, first_ration, minmay_tree_intersection, bloody_makhleb
D:5:      layout_loops_cross, slow_altar_2, elyvilon_altar_4, temple_pool_b
D:6:      layout_loops_ring, chequers_mini_garden, dk_rats_in_the_wall,
          uniq_sigmund
D:7:      layout_gridville, gammafunk_ghost_cemetery
D:8:      layout_gridville, kiku_gazebo_pond_becter, overflow_temple_1_default,
          serial_shops, kennysheep_mini_moat, david_nohive_1, uniq_maurice,
          uniq_joseph
Temple:   compressed_dpeg_circular_temple

Skill      XL: |  1  2  3  4  5  6  7  8  9 |
---------------+----------------------------+-----
Conjurations   | 1 2 3 4 5 6 |  6.2
Fire Magic     | 2 3 5 |  5.0
Air Magic      | 1 6 |  6.4
Spellcasting   | 4 |  4.1
Dodging        | |  1.7
Stealth        | |  2.4
Summonings     | |  1.0
Translocations | |  0.8

Action                   |  1- 3 |  4- 6 |  7- 9 || total
-------------------------+-------+-------+-------++-------
Melee: Club              |    51 |       |       ||    51
       Hand axe          |       |    33 |       ||    33
       Spear             |       |     5 |       ||     5
       Halberd           |       |    16 |    88 ||   104
 Fire: Hunting sling     |       |    22 |       ||    22
Throw: Dart              |       |     2 |       ||     2
 Cast: Magic Dart        |    93 |    74 |   105 ||   272
       Mephitic Cloud    |     1 |     4 |    13 ||    18
       Conjure Flame     |       |     7 |    10 ||    17
 Abil: Dig               |     1 |    10 |    15 ||    26
  Use: Scroll            |       |     6 |     3 ||     9
 Stab: Confused          |       |       |     3 ||     3
  Eat: Chunk             |     3 |     8 |     8 ||    19
       Ration            |       |     2 |     1 ||     3
Armor: Robe              |    19 |     3 |    15 ||    37
Dodge: Dodged            |    81 |    32 |    53 ||   166
